 Seeded DCSS version 0.30-a0-924-g0ad0bf95bc (webtiles) character file.

Game seed: 31337 (custom seed)

42032 Pimp the Nimble (level 14, 0/111 HPs)
             Began as a Merfolk Gladiator on Mar 22, 2023.
             Was the Champion of Cheibriados.
             Slain by a basilisk (6 damage)
             ... while petrified by a basilisk
             ... on level 4 of the Lair of Beasts.
             The game lasted 00:56:48 (20174 turns).

Pimp the Nimble (Merfolk Gladiator)                Turns: 20174, Time: 00:56:49

Health: 0/111      AC: 10    Str: 30    XL:     14   Next: 18%
Magic:  26/26      EV:  2    Int: 30    God:    Cheibriados [******]
Gold:   1467       SH:  0    Dex: 29    Spells: 15/29 levels left

rFire   . . .      SeeInvis .    n - +7 spear (venom)
rCold   . . .      Faith    .    z - +0 kite shield
rNeg    + + +      Spirit   .    f - +0 ring mail
rPois   ∞          Reflect  +    (helmet restricted)
rElec   .          Rampage  .    g - +2 cloak
rCorr   .                        (no gloves)
Will    ++...                    l - +0 pair of boots
Stlth   ++                       J - amulet of reflection
HPRegen 0.38/turn                k - ring of poison resistance
MPRegen 0.20/turn                M - ring of wizardry

@: petrified, very slow
A: (nimble swimmer 2), mertail, horns 1, clever 1, strong-willed 1
a: Renounce Religion, Bend Time, Temporal Distortion, Slouch, Step From Time


You were on level 4 of the Lair of Beasts.
You worshipped Cheibriados.
Cheibriados was exalted by your worship.
You visited 4 branches of the dungeon, and saw 19 of its levels.
You also visited: Bailey.

You collected 1467 gold pieces.

Inventory:

Hand Weapons
 a - a +1 trident
 n - a +7 spear of venom (weapon)
 C - the +7 flail of Diumushra {flame, rN+ Will++ Int+3}
   (You found it on level 6 of the Dungeon)

   Int:       It affects your intelligence (+3).
   rN:        It protects you from negative energy.
   Will:      It greatly increases your willpower.
 D - a +4 halberd
Missiles
 d - 4 throwing nets
 e - a javelin
Armour
 b - a +0 leather armour
 c - a +0 helmet
 f - a +0 ring mail (worn)
 g - a +2 cloak (worn)
 l - a +0 pair of boots (worn)
 z - a +0 kite shield (worn)
Jewellery
 k - a ring of poison resistance (left hand)
 o - a ring of flight
 s - an amulet of magic regeneration
 J - an amulet of reflection (around neck)
 M - a ring of wizardry (right hand)
 Q - a +6 ring of intelligence
Wands
 t - a wand of paralysis (5)
 B - a wand of polymorph (6)
 I - a wand of flame (6)
 N - a wand of mindburst (4) (quivered)
Scrolls
 i - 4 scrolls of amnesia
 j - 2 scrolls of fear
 u - 9 scrolls of teleportation
 x - 2 scrolls of immolation
 y - 6 scrolls of identify
 F - a scroll of poison
 K - 2 scrolls of silence {unknown}
 O - a scroll of enchant weapon
 P - a scroll of blinking
Potions
 h - 2 potions of resistance
 m - 6 potions of curing
 p - a potion of magic
 q - a potion of berserk rage
 r - a potion of experience {unknown}
 v - 2 potions of flight
 w - 3 potions of mutation
 A - 2 potions of lignification {unknown}
 E - 2 potions of brilliance {unknown}
 G - a potion of invisibility
 H - a potion of heal wounds
 L - a potion of ambrosia


   Skills:
 + Level 10.5 Fighting
 + Level 12.6 Polearms
 - Level 6.7 Throwing
 + Level 6.2 Armour
 + Level 12.7 Dodging
 + Level 8.2 Shields
 + Level 8.1 Spellcasting
 + Level 8.5 Transmutations
 + Level 7.4 Poison Magic


You had 15 spell levels left.
You knew the following spells:

 Your Spells              Type           Power      Damage    Failure   Level
a - Spider Form           Tmut/Pois      57%        N/A       1%          3
b - Alistair's Intoxicat  Tmut/Pois      38%        N/A       6%          5
c - Eringya's Noxious Bo  Tmut/Pois      28%        N/A       32%         6

Your spell library contained the following spells:

 Spells                   Type           Power      Damage    Failure   Level
 Beastly Appendage        Tmut           100%       N/A       1%          1
 Wereblood                Tmut           59%        N/A       1%          2
 Necrotise                Necr           48%        1d6       6%          1
 Blink                    Tloc           24%        N/A       9%          2
 Lesser Beckoning         Tloc           24%        N/A       9%          2
 Momentum Strike          Conj/Tloc      24%        3d8       9%          2
 Sublimation of Blood     Necr           12%        N/A       9%          2
 Petrify                  Tmut/Erth      37%        N/A       11%         4
 Call Canine Familiar     Summ           12%        N/A       17%         3
 Portal Projectile        Hex/Tloc       24%        N/A       17%         3
 Irradiate                Conj/Tmut      18%        3d17      26%         5
 Anguish                  Hex/Necr       6%         N/A       47%         4
 Animate Dead             Necr           12%        N/A       47%         4
 Leda's Liquefaction      Hex/Erth       6%         N/A       47%         4
 Passage of Golubria      Tloc           12%        N/A       47%         4
 Borgnjor's Vile Clutch   Necr/Erth      6%         N/A       82%         5
 Silence                  Hex/Air        6%         N/A       82%         5
 Death Channel            Necr           6%         N/A       100%        6
 Discord                  Hex            6%         N/A       100%        8
 Lehudib's Crystal Spear  Conj/Erth      6%         10d3      100%        8
 Chain Lightning          Conj/Air       6%         3d8       100%        9
 Fire Storm               Conj/Fire      6%         8d2       100%        9
 Shatter                  Erth           6%         3d9*      100%        9


Dungeon Overview and Level Annotations

Branches:
Dungeon (12/15)            Temple (1/1) D:6            Lair (4/5) D:10
  Swamp (0/4) Lair:2       Spider (0/4) Lair:3          Orc (2/2) D:9
    Elf (0/3) Orc:2        Bailey (visited)
  Slime: Lair:4-5

Altars:
Cheibriados
Dithmenos
Elyvilon
Fedhas
Hepliaklqana
Kikubaaqudgha
Makhleb
Qazlal
Ru
Trog
Wu Jian
Xom
Zin
The Shining One

Shops:
Orc:2 *::!


Innate Abilities, Weirdness & Mutations

((You are very nimble when in or above water. (Stealth+, EV+, Speed+++)))
Your lower body shifts to a powerful aquatic tail in water.
You have a pair of small horns on your head.
Your mind is acute. (Int +4, Str/Dex -1)
You are strong-willed. (Will+)


Message History

The elephant tramples you!
You hold your ground!
The elephant trunk-slaps you. The basilisk bites you.
The basilisk gazes at you. You resist with almost no effort.
The water moccasin bites you but does no damage.
The wyvern bites you!
The water moccasin bites you but does no damage.
The wyvern bites you. The elephant tramples you!
You hold your ground!
The elephant trunk-slaps you but does no damage.
The elephant tramples you!
* * * LOW HITPOINT WARNING * * *
You hold your ground!
The elephant trunk-slaps you.
* * * LOW HITPOINT WARNING * * *
The basilisk bites you!
* * * LOW HITPOINT WARNING * * *
The basilisk bites you!
* * * LOW HITPOINT WARNING * * *
The basilisk bites you!
* * * LOW HITPOINT WARNING * * *
The wyvern bites you but does no damage.
The water moccasin bites you.
The elephant tramples you but does no damage.
The elephant trunk-slaps you but does no damage.
The basilisk bites you.
* * * LOW HITPOINT WARNING * * *
The basilisk bites you.
* * * LOW HITPOINT WARNING * * *
The elephant tramples you but does no damage.
The elephant trunk-slaps you but does no damage.
The basilisk bites you but does no damage.
The wyvern bites you but does no damage.
The water moccasin bites you but does no damage.
The wyvern bites you.
* * * LOW HITPOINT WARNING * * *
The elephant tramples you!
* * * LOW HITPOINT WARNING * * *
You hold your ground!
The elephant trunk-slaps you but does no damage.
The basilisk bites you!
You die...

... .... .. #..#
... ######... ...#
#......#
#...####......#.#.
........lY.......
#....lY@S......
#.#....lll......
#..............
..................
..8...............
..................
.................$
.8.8..............
...............$


You could see 2 elephants, 4 basilisks, a water moccasin and a wyvern.

Vanquished Creatures
  A hydra (Lair:2)
  A centaur warrior (D:10)
  5 two-headed ogres
  4 boulder beetles
  5 orc high priests (Orc:2)
  A skyshark (Lair:3)
  2 orc knights
  An orc sorcerer (Orc:2)
  4 cyclopes
  8 elephants (Lair:3)
  Maurice (Orc:2)
  2 komodo dragons
  A rime drake (Lair:2)
  6 cane toads
  5 trolls
  2 tyrant leeches (Lair:2)
  4 polar bears
  4 slime creatures (D:11)
  18 blink frogs
  A shadow (D:9)
  A wraith (D:11)
  5 spriggans
  23 yaks
  A wyvern (D:10)
  A basilisk (Lair:3)
  2 steam dragons
  A swamp worm (Lair:2)
  A warg (Orc:1)
  6 water moccasins
  An acid dragon (D:10)
  28 orc warriors
  2 sky beasts (D:7)
  A swamp drake (D:9)
  2 ice beasts
  9 black bears
  19 wolves
  9 ogres
  2 centaurs
  A phantom (D:6)
  3 kobold brigands
  12 bullfrogs
  10 scorpions
  2 gnoll sergeants
  6 wights
  A killer bee (D:7)
  14 howler monkeys
  A crimson imp (D:6)
  7 hounds
  42 orc priests
  A gnoll bouda (D:7)
  A jelly (D:5)
  Crazy Yiuf (D:6)
  Terence (D:2)
  Jessica (D:3)
  31 orc wizards
  5 iguanas
  11 gnolls
  6 adders
  2 white imps
  2 ufetubi
  3 worms (Lair:3)
  2 dart slugs
  84 orcs
  4 ball pythons
  5 bats
  2 endoplasms
  8 giant cockroaches
  10 goblins
  10 hobgoblins
  6 jackals
  22 kobolds
  9 rats
  A spectral hobgoblin (D:4)
517 creatures vanquished.

Vanquished Creatures (others)
  2 orcs (D:9)
  20 fungi
  27 plants
49 creatures vanquished.

Grand Total: 566 creatures vanquished

Notes
Turn   | Place    | Note
-------+----------+-------------------------------------------
     0 | D:1      | Pimp the Merfolk Gladiator began the quest for the Orb.
     0 | D:1      | Reached XP level 1. HP: 16/16 MP: 1/1
   148 | D:1      | Reached XP level 2. HP: 23/23 MP: 2/2
   445 | D:1      | Reached XP level 3. HP: 28/28 MP: 3/3
  1300 | D:2      | Noticed Terence
  1313 | D:2      | Killed Terence
  1314 | D:2      | Reached XP level 4. HP: 18/35 MP: 4/4
  1383 | D:2      | Gained mutation: You have a pair of small horns on your
                  | head. [potion of mutation]
  1383 | D:2      | Gained mutation: Your mind is acute. (Int +4, Str/Dex -1)
                  | [potion of mutation]
  1383 | D:2      | Gained mutation: You are strong-willed. (Will+) [potion of
                  | mutation]
  1589 | D:3      | Found a faded altar of an unknown god.
  1925 | D:3      | Noticed Jessica
  1933 | D:3      | Killed Jessica
  1934 | D:3      | Reached skill level 5 in Polearms
  1934 | D:3      | Reached skill level 5 in Dodging
  1934 | D:3      | Reached XP level 5. HP: 41/41 MP: 5/5
  2374 | D:4      | Found a blossoming altar of Fedhas.
  2655 | D:4      | Noticed a black bear
  2656 | D:4      | Reached XP level 6. HP: 48/48 MP: 6/6
  2697 | D:4      | Killed a black bear
  3005 | D:4      | Reached XP level 7. HP: 54/54 MP: 8/8
  3167 | D:4      | Found a hazy altar of Hepliaklqana.
  3218 | D:4      | Reached skill level 1 in Spellcasting
  3638 | D:5      | Entered Level 5 of the Dungeon
  3959 | D:5      | Got Mijy's Compilation of Lamentation and Interference
  4270 | D:5      | Reached skill level 5 in Fighting
  4270 | D:5      | Reached XP level 8. HP: 38/62 MP: 11/11
  4768 | D:6      | Found a glowing golden altar of the Shining One.
  4769 | D:6      | Found a glowing silver altar of Zin.
  4770 | D:6      | Found a white marble altar of Elyvilon.
  5502 | D:6      | Reached skill level 5 in Throwing
  5519 | D:6      | Reached skill level 1 in Shields
  5677 | D:6      | Found a staircase to the Ecumenical Temple.
  5780 | Temple   | Entered the Ecumenical Temple
  5820 | Temple   | Became a worshipper of Cheibriados the Contemplative
  5851 | D:6      | Reached skill level 1 in Armour
  5978 | D:6      | Found a runed translucent door.
  5979 | D:6      | Noticed Crazy Yiuf
  6069 | D:6      | Identified the +7 flail of Diumushra {flame, rN+ Will++
                  | Int+3}
  6227 | D:6      | Killed Crazy Yiuf
  6228 | D:6      | Reached XP level 9. HP: 69/69 MP: 13/13
  7060 | D:7      | Reached * piety under Cheibriados
  7713 | D:8      | Found a flagged portal.
  7726 | Bailey   | Entered a bailey
  7767 | Bailey   | Reached XP level 10. HP: 46/77 MP: 16/16
  8177 | Bailey   | Identified the +2 mace "String" {drain, Str+2}
  8187 | Bailey   | Reached ** piety under Cheibriados
  8221 | Bailey   | Noticed a two-headed ogre
  8364 | Bailey   | Killed a two-headed ogre
  8817 | D:8      | Noticed a two-headed ogre
  8817 | D:8      | Noticed a two-headed ogre
  8987 | D:8      | Reached skill level 5 in Spellcasting
  9092 | D:8      | Learned a level 3 spell: Spider Form
  9318 | D:8      | Killed a two-headed ogre
  9319 | D:8      | Reached skill level 1 in Transmutations
  9319 | D:8      | Reached skill level 1 in Poison Magic
  9400 | D:8      | Found a stormy altar of Qazlal.
  9410 | D:8      | Killed a two-headed ogre
  9411 | D:8      | Reached XP level 11. HP: 85/85 MP: 17/19
  9432 | D:8      | Found the +12 pair of quick blades "Gyre" and "Gimble"
                  | {protect}
  9509 | D:8      | Reached skill level 5 in Shields
 10014 | D:9      | Reached *** piety under Cheibriados
 10069 | D:9      | Found a staircase to the Orcish Mines.
 10484 | D:9      | Reached skill level 10 in Dodging
 10617 | D:9      | Reached **** piety under Cheibriados
 10719 | D:9      | Found an ornate altar of the Wu Jian Council.
 10767 | D:9      | Found a shadowy altar of Dithmenos.
 10789 | D:9      | Reached skill level 10 in Polearms
 10890 | D:9      | Found an ancient bone altar of Kikubaaqudgha.
 11103 | D:10     | Entered Level 10 of the Dungeon
 11176 | D:10     | Found a sacrificial altar of Ru.
 11202 | D:10     | Found a staircase to the Lair.
 11312 | D:10     | Reached ***** piety under Cheibriados
 11493 | D:10     | Noticed a centaur warrior
 11499 | D:10     | Killed a centaur warrior
 11870 | D:10     | Found a bloodstained altar of Trog.
 12219 | D:11     | Noticed a cyclops
 12226 | D:11     | Killed a cyclops
 12400 | D:11     | Noticed a two-headed ogre
 12411 | D:11     | Killed a two-headed ogre
 12465 | D:11     | Noticed a boulder beetle
 12479 | D:11     | Killed a boulder beetle
 12518 | D:11     | Noticed a boulder beetle
 12528 | D:11     | Killed a boulder beetle
 12529 | D:11     | Reached XP level 12. HP: 74/94 MP: 21/21
 12819 | D:11     | Reached skill level 5 in Transmutations
 13167 | D:11     | Noticed a two-headed ogre
 13174 | D:11     | Killed a two-headed ogre
 13568 | Orc:1    | Entered Level 1 of the Orcish Mines
 13747 | Orc:2    | Entered Level 2 of the Orcish Mines
 13756 | Orc:2    | Noticed Maurice
 13779 | Orc:2    | Killed Maurice
 14051 | Orc:1    | Reached skill level 5 in Armour
 14097 | Orc:2    | Reached skill level 5 in Poison Magic
 14156 | Orc:2    | Reached ****** piety under Cheibriados
 14159 | Orc:2    | Noticed an orc high priest
 14176 | Orc:2    | Killed an orc high priest
 14389 | Orc:2    | Noticed an orc high priest
 14393 | Orc:2    | Noticed a sun demon
 14398 | Orc:2    | Killed an orc high priest
 14591 | Orc:2    | Noticed an orc high priest
 14604 | Orc:2    | Killed an orc high priest
 14867 | Orc:2    | Found Hudeeker's Book Shoppe.
 14867 | Orc:2    | Found Jeycaef's Distillery.
 14867 | Orc:2    | Found Unguragu's Book Emporium.
 14877 | Orc:2    | Found Ogucahea's Assorted Antiques.
 14984 | Orc:2    | Reached XP level 13. HP: 59/101 MP: 23/23
 15106 | Orc:2    | Found a staircase to the Elven Halls.
 16168 | Lair:1   | Entered Level 1 of the Lair of Beasts
 17586 | Lair:2   | Reached skill level 10 in Fighting
 17611 | Lair:2   | Found a staircase to the Swamp.
 19292 | Lair:3   | Reached XP level 14. HP: 100/111 MP: 25/25
 19500 | Lair:3   | Learned a level 5 spell: Alistair's Intoxication
 19507 | Lair:3   | Learned a level 6 spell: Eringya's Noxious Bog
 19762 | Lair:3   | Found a hole to the Spider Nest.
 20174 | Lair:4   | Slain by a basilisk

Illustrated notes

Levels and vault maps discovered:
D:1:      psy_arrival_fountain, layout_loops_ring, minivault_27,
          minmay_worlds_worst_comb
D:2:      layout_basic, uniq_terence
D:3:      layout_basic, shapermc_ecumenical_altar_ellora, minmay_liquid_box,
          hangedman_decor_diamond_cutter, roderic_lattice_a,
          chequers_serial_rivers_small_b, minivault_5, uniq_jessica
D:4:      layout_cave_pods, nicolae_hepliaklqana_monster_ancestors,
          mainiacjoe_overflow_surrounded_room
D:5:      layout_basic, palyth_stone_intersect
D:6:      layout_cave_pods, dreamdust_divine_triumvirate,
          minmay_temple_entry_tees, minmay_fire_ice_demons,
          uniq_crazy_yiuf_cottage
D:7:      minmay_bubble_buster, layout_cave_pods
D:8:      layout_gridville, nicolae_qazlal_eye_of_the_storm, enter_bailey_3,
          serial_rivers, chequers_serial_rivers_micro_d,
          chequers_serial_rivers_micro_b, chequers_serial_rivers_micro_c,
          chequers_serial_rivers_marsh, chequers_serial_rivers_room_a,
          chequers_serial_rivers_room_a, hellmonk_guarded_unrand_gyre_and_gimble
D:9:      layout_roguey, mainiacjoe_overflow_boulevard,
          nzn_wu_jian_contemplation, mainiacjoe_overflow_alcove_2, erik_orc_1
D:10:     layout_stronghold, nicolae_ru_great_annihilating_truth,
          trog_butcher_becter, grunt_lair_entry_orc_guard_hut
D:11:     layout_irregular_city
D:12:     layout_irregular_city
Temple:   minmay_temple_curvy_loop
Lair:1:   layout_regular_city
Lair:2:   layout_chaotic_city, minmay_swamp_entry_worms,
          chequers_serial_rivers_room_a, grunt_megastairs_2
Lair:3:   layout_cave_pods, nicolae_spider_entry_non_spiders,
          grunt_forest_stairs_clearing
Lair:4:   layout_cave_pods, nicolae_slime_entry_slimehenge, minivault_24,
          kennysheep_basilisk_garden
Orc:1:    layout_diamond_mine
Orc:2:    st_orc_mages, layout_caves, basic_altar, uniq_maurice

Skill      XL: |  1  2  3  4  5  6  7  8  9 10 11 12 13 14 |
---------------+-------------------------------------------+-----
Fighting       | 3 4 5 6 7 8 9 10 | 10.5
Polearms       | 5 6 7 8 9 10 11 12 | 12.6
Throwing       | 3 4 5 6 |  6.7
Dodging        | 5 6 7 8 9 10 11 12 | 12.7
Spellcasting   | 2 3 4 5 6 7 8 |  8.1
Shields        | 1 3 4 6 7 8 |  8.2
Armour         | 1 2 3 4 5 6 |  6.2
Transmutations | 2 4 6 8 |  8.5
Poison Magic   | 2 4 5 7 |  7.4

Action                     |  1- 3 |  4- 6 |  7- 9 | 10-12 | 13-15 || total
---------------------------+-------+-------+-------+-------+-------++-------
  Melee: Trident           |   114 |   102 |   242 |       |       ||   458
         Punch             |     2 |       |     3 |       |       ||     5
         Headbutt          |       |    18 |    78 |   182 |   168 ||   446
         Spear             |       |       |   189 |   749 |   584 ||  1522
  Evoke: Wand              |       |       |       |     4 |       ||     4
    Use: Scroll            |     4 |     8 |     1 |    16 |     2 ||    31
         Potion            |       |     5 |     5 |     2 |       ||    12
   Stab: Distracted        |       |       |       |     2 |       ||     2
         Invisible         |       |       |       |     1 |       ||     1
         Paralysed         |       |       |       |     1 |       ||     1
         Fleeing           |       |       |       |     1 |       ||     1
 Armour: Leather armour    |    38 |       |       |       |       ||    38
         Ring mail         |    13 |    45 |   132 |    81 |    93 ||   364
  Dodge: Dodged            |    83 |    83 |   197 |   343 |   395 ||  1101
  Block: Kite shield       |       |       |   101 |   575 |   596 ||  1272
         Reflection        |       |       |       |    16 |     8 ||    24

Table legend: (Time is in decaauts)
 A = Elapsed time spent in this place.
 B = Non-inter-level travel time spent in this place.
 C = Inter-level travel time spent in this place.
 D = Time resting spent in this place.
 E = Time spent auto-exploring this place.
 F = Levels seen in this place.
 G = Mean time per level.
                   A        B        C        D        E       F      G
               +--------+--------+--------+--------+--------+-----+--------+
         Total |  25636 |  23893 |   1743 |   4227 |  14634 |  20 | 1281.8 |
       Dungeon |  15024 |  14107 |    917 |   2036 |   9387 |  12 | 1252.0 |
        Temple |     54 |      4 |     50 |      0 |      0 |   1 |   54.0 |
          Lair |   6110 |   5963 |    147 |    529 |   4299 |   4 | 1527.5 |
  Orcish Mines |   3497 |   2870 |    627 |   1085 |    909 |   2 | 1748.5 |
        Bailey |    949 |    949 |      0 |    577 |     38 |   1 |  949.0 |
               +--------+--------+--------+--------+--------+-----+--------+

Top non-repeatable levels by time:
   Orc:2: 2247 daAuts
  Lair:3: 2197 daAuts
  Lair:1: 2077 daAuts
     D:9: 1951 daAuts
     D:6: 1947 daAuts
    D:11: 1843 daAuts
    D:10: 1839 daAuts
  Lair:2: 1816 daAuts
     D:7: 1462 daAuts
     D:8: 1439 daAuts
     D:4: 1260 daAuts
   Orc:1: 1249 daAuts
  Bailey: 949 daAuts
     D:5: 906 daAuts
     D:1: 893 daAuts
